 Dungeon Crawl Stone Soup version 0.27-a0-1384-g1422d76b99 (webtiles) character file.

Game seed: 13997657452428595963

14 dickylongcocking the Magician (level 2, -1/23 HPs)
             Began as a Djinni Wanderer on July 1, 2021.
             Slain by a goblin (2 damage)
             ... on level 1 of the Dungeon.
             The game lasted 00:00:45 (889 turns).

dickylongcocking the Magician (Djinni Wanderer)      Turns: 889, Time: 00:00:46

Health: -1/23      AC:  3    Str: 13    XL:     2   Next: 60%
Gold:   15         EV: 11    Int: 12    God:
                   SH:  0    Dex: 11

rFire    + + .     SeeInvis .   d - +0 rapier
rCold    x . .     Faith    .   (no shield)
rNeg     . . .     Spirit   .   c - +0 robe
rPois    ∞         Reflect  .   (no helmet)
rElec    .         Harm     .   (no cloak)
rCorr    .         Rampage  .   i - +0 pair of gloves
Will     .....                  (boots unavailable)
Stlth    ++........             (no amulet)
HPRegen  0.07/turn              (no ring)
MPRegen  0.00/turn              (no ring)

@: flying
A: sickness immunity, fire resistance 2, cold vulnerability 1, float, innate
caster, hp casting, extra vitality 1
a: no special abilities


You were on level 1 of the Dungeon.
You visited 1 branch of the dungeon, and saw 1 of its levels.

You collected 15 gold pieces.

Inventory:

Hand Weapons
 a - a +2 dagger
 d - a +0 rapier (weapon)
Missiles
 k - a throwing net (quivered)
Armour
 c - a +0 robe (worn)
 i - a +0 pair of gloves (worn)
Scrolls
 b - 2 scrolls of fear
 e - a scroll of amnesia {unknown}
 f - a scroll of magic mapping {unknown}
 g - a scroll of vulnerability {unknown}
 h - a scroll of teleportation {unknown}


   Skills:
 * Level 1.7 Fighting
 - Level 1.0 Throwing
 - Level 1.1 Dodging
 - Level 1.5 Stealth
 * Level 4.3 Spellcasting


You had one spell level left.
You knew the following spells:

 Your Spells              Type           Power      Damage    Failure   Level
a - Tukima's Dance        Hex            12%        N/A       11%         3
b - Corona                Hex            13%        N/A       3%          1
c - Sandblast             Erth           24%        2d8       3%          1
d - Stone Arrow           Conj/Erth      24%        3d8       11%         3

Your spell library contained the following spells:

 Spells                   Type           Power      Damage    Failure   Level


Dungeon Overview and Level Annotations

Branches:
Dungeon (1/15)

Altars:


Innate Abilities, Weirdness & Mutations

You are immune to sickness and miasma.
You are immune to poison.
Your flesh is very heat resistant. (rF++)
You are vulnerable to cold. (rC-)
You float through the air rather than walking.
You learn spells naturally, not from books.
Your magical power is your life essence.
You have superior vitality. (+4 HP)


Message History

k - a throwing net A ball python comes into view.
A ball python is nearby!
A goblin comes into view. It is wielding a +0 club.
The goblin shouts!
There are monsters nearby!
There are monsters nearby!
The ball python hisses angrily.
There are monsters nearby!
The goblin hits you with a +0 club.
Found a scroll labelled OLOOROYPHA.
The ball python bites you but does no damage.
The ball python grabs you. The ball python constricts you.
The goblin hits you but does no damage.
Found a scroll labelled GESMOG INOIC.
You closely miss the ball python. The ball python bites you.
The ball python constricts you. The goblin hits you with a +0 club.
The ball python bites you. The ball python constricts you.
You closely miss the ball python. The goblin hits you with a +0 club.
The ball python bites you. The ball python constricts you.
The goblin hits you with a +0 club.
* * * LOW HITPOINT WARNING * * *
You are too injured to fight recklessly!
You are too injured to fight recklessly!
You are too injured to fight recklessly!
Unknown command.
You escape the ball python's grasp.
The ball python bites you.
* * * LOW HITPOINT WARNING * * *
The ball python grabs you. The ball python constricts you.
You escape the ball python's grasp.
It was a potion of flight.
You feel more buoyant.
The ball python bites you but does no damage.
The ball python closely misses you.
You puncture the ball python!
You kill the ball python!
The goblin hits you with a +0 club.
* * * LOW HITPOINT WARNING * * *
You hit the goblin but do no damage. The goblin hits you with a +0 club.
You die...

#..#.#####.###.##..# ...
....#.###.## ...##.#####.
..####.#.## #.##.....# ..##
##.## #..#.....#
##.###.#.## ###.......#
.##.#.#.#.# #.##......#
####.#.<.#.# #?.#......#
.##.#.#.#.#.###.##.....####
.#.###.#.###.#.g@.........#
..## ##.## #.............#
...## #.# #..............#
....# #.#..###..........#
.....# #..# #..........#
###### ### #..........#
#..........# #.?........#
#..........#


You could see a goblin.

Vanquished Creatures
  A dart slug (D:1)
  2 bats (D:1)
  2 giant cockroaches (D:1)
  A goblin (D:1)
  2 jackals (D:1)
  3 ball pythons (D:1)
  A frilled lizard (D:1)
12 creatures vanquished.

Notes
Turn   | Place    | Note
-------+----------+-------------------------------------------
     0 | D:1      | dickylongcocking the Djinni Wanderer began the quest for
                  | the Orb.
     0 | D:1      | Reached XP level 1. HP: 17/17 MP: 0/0
   325 | D:1      | Reached XP level 2. HP: 14/22 MP: 0/0
   888 | D:1      | HP: 1/23 [goblin (4)]
   889 | D:1      | Slain by a goblin

Illustrated notes

Levels and vault maps discovered:
D:1:      minmay_arrival_diagonal_passages, layout_rooms

Action                   || total
-------------------------++-------
Melee: Rapier            ||    46
       Dagger            ||     1
 Cast: Corona            ||     1
  Use: Potion            ||     1
Armor: Robe              ||    22
Dodge: Dodged            ||    39

Table legend: (Time is in decaauts)
 A = Elapsed time spent in this place.
 B = Non-inter-level travel time spent in this place.
 C = Inter-level travel time spent in this place.
 D = Time resting spent in this place.
 E = Time spent auto-exploring this place.
 F = Levels seen in this place.
 G = Mean time per level.
                   A        B        C        D        E       F      G
               +--------+--------+--------+--------+--------+-----+--------+
         Total |    897 |    897 |      0 |    233 |    528 |   1 |  897.0 |
       Dungeon |    897 |    897 |      0 |    233 |    528 |   1 |  897.0 |
               +--------+--------+--------+--------+--------+-----+--------+

Top non-repeatable levels by time:
     D:1: 897 daAuts
